 Dungeon Crawl Stone Soup version 0.24.0-123-gd5b16e6ec5 (webtiles) character file.

Game seed: 18199582658373159463, levelgen mode: deterministic

4683 EriolAelfwine the Cleaver (level 10, 0/92 HPs)
             Began as a Deep Dwarf Fighter on Dec 24, 2019.
             Was a Follower of Makhleb.
             Slain by a tentacled starspawn (29 damage)
             ... on level 1 of the Abyss.
             The game lasted 00:31:06 (6502 turns).

EriolAelfwine the Cleaver (Deep Dwarf Fighter)      Turns: 6502, Time: 00:31:06

Health: 0/92       AC: 15    Str: 23    XL:     10   Next: 21%
Magic:  8/8        EV:  5    Int:  9    God:    Makhleb [*.....]
Gold:   757        SH: 12    Dex: 12    Spells: 9/9 levels left

rFire    . . .     SeeInvis .   a - +1 war axe
rCold    . . .     Gourm    .   c - +1 shield
rNeg     . . .     Faith    .   q - +0 plate armour
rPois    .         Spirit   .   (no helmet)
rElec    .         Reflect  .   (no cloak)
rCorr    .         Harm     .   b - +0 pair of gloves
MR       +....                  (no boots)
Stlth    ..........             (no amulet)
HPRegen  0.00/turn              s - ring of wizardry
MPRegen  0.11/turn              (no ring)

@: non-regenerating
A: damage resistance, heal wounds, sense surroundings 2, no regeneration
a: Heal Wounds, Renounce Religion


You were on level 1 of the Abyss.
You worshipped Makhleb.
Makhleb was aware of your devotion.
You were not hungry.

You visited 2 branches of the dungeon, and saw 12 of its levels.
You visited the Abyss 1 time.

You collected 757 gold pieces.

Inventory:

Hand Weapons
 a - a +1 war axe (weapon)
 h - a +2 hunting sling of velocity
 o - a +2 short sword of flaming
 B - the +3 trident of the End of Times {protect, rPois MP+9 Int+4, unknown}
   (You found it on level 1 of the Abyss)

   It grants its wielder temporary protection when it strikes (+7 to AC).
   It affects your intelligence (+4).
   It protects you from poison.
   It affects your magic capacity (+9).
Missiles
 D - 16 boomerangs (quivered)
Armour
 b - a +0 pair of gloves (worn)
 c - a +1 shield (worn)
 q - a +0 plate armour (worn)
 t - a +0 ring mail of cold resistance
Jewellery
 s - a ring of wizardry (left hand)
Wands
 r - a wand of random effects (20)
 x - a wand of enslavement (9)
Scrolls
 g - 7 scrolls of enchant weapon
 i - 4 scrolls of teleportation
 k - 2 scrolls of amnesia
 v - a scroll of magic mapping
 y - 2 scrolls of identify
 z - 3 scrolls of blinking
 E - a scroll of remove curse
Potions
 d - 2 potions of might
 e - 2 potions of magic
 j - a potion of cancellation
 l - 3 potions of flight
 m - 2 potions of resistance
 n - 3 potions of lignification {unknown}
 p - 3 potions of curing {unknown}
 u - a potion of brilliance {unknown}
 w - a potion of mutation {unknown}
 C - a potion of haste {unknown}
Comestibles
 f - 25 rations
 A - 2 chunks of flesh


   Skills:
 + Level 6.8 Fighting
 * Level 9.5 Axes
 + Level 8.2 Armour
 + Level 8.2 Shields
 + Level 3.9 Invocations
 - Level 2.0 Evocations


You had 9 spell levels left.
You didn't know any spells.
Your spell library contained the following spells:

 Spells                   Type           Power        Failure   Level  Hunger
 Corona                   Hex            #......      99%         1    ##.....
 Magic Dart               Conj           #...         99%         1    ##.....
 Blink                    Tloc           N/A          100%        2    ###....
 Call Imp                 Summ           #.......     100%        2    ###....
 Ensorcelled Hibernation  Hex/Ice        #.....       100%        2    ###....
 Slow                     Hex            #.......     100%        2    ###....
 Confuse                  Hex            #.......     100%        3    ####...
 Conjure Flame            Conj/Fire      #.......     100%        3    ####...
 Dazzling Spray           Conj/Hex       #.....       100%        3    ####...
 Mephitic Cloud           Conj/Pois/Air  #.......     100%        3    ####...
 Tukima's Dance           Hex            #.......     100%        3    ####...


Dungeon Overview and Level Annotations

Branches:
Dungeon (11/15)            Temple (1/1) D:7
   Lair: D:8-11         Orc: D:9-12

Altars:
Ashenzari
Cheibriados
Dithmenos
Elyvilon
Fedhas
Gozag
Hepliaklqana
Kikubaaqudgha
Makhleb
Nemelex Xobeh
Okawaru
Qazlal
Ru
Uskayaw
Vehumet
Wu Jian
Xom
Yredelemnul
Zin
The Shining One

Annotations:
D:8 Psyche


Innate Abilities, Weirdness & Mutations

You are resistant to damage.
You can heal yourself by infusing magical energy.
You passively map the area around you.
You do not regenerate.


Message History

You are too injured to fight recklessly!
You are too injured to fight recklessly!
You are too injured to fight recklessly!
You are too injured to fight recklessly!
You are too injured to fight recklessly!
You slash the tentacled starspawn!
The tentacled starspawn is lightly damaged.
You block the tentacled starspawn's attack.
The tentacled starspawn engulfs you but does no damage.
You slash the tentacled starspawn!
The tentacled starspawn is moderately damaged.
You block the tentacled starspawn's attack. x2
You hit the tentacled starspawn.
The tentacled starspawn is moderately damaged.
The tentacled starspawn bites you but does no damage.
You block the tentacled starspawn's attack.
You hit the tentacled starspawn.
The tentacled starspawn is moderately damaged.
The tentacled starspawn bites you!!
You die...

## .# . #####
####### .## #.
.# #..#X.# .. *
.# ##...#@# X
.○##.☼##☼#...###
\ #.## ○° R# ##
#. #.#.## ##.# #
.#.# .. .## ..
#..## # #. .#. #
## ## . .#


You could see a tentacled starspawn.

Vanquished Creatures
  Joseph (D:8)
  A hippogriff (D:11)
  Prince Ribbit (D:7)
  A shadow (D:11)
  A wyvern (D:11)
  Eustachio (D:6)
  A wraith (Abyss:1)
  3 yaks (D:9)
  Sigmund (D:3)
  2 steam dragons
  A hungry ghost (D:7)
  2 ice beasts (D:6)
  An orc warrior (D:6)
  3 ogres
  A centaur (D:6)
  2 bullfrogs
  2 big kobolds
  2 scorpions
  A howler monkey (D:4)
  3 crimson imps
  2 bullfrog zombies
  5 orc priests
  A jelly (D:6)
  4 bullfrog skeletons
  6 hounds
  9 orc wizards
  A centaur skeleton (D:9)
  2 iguanas
  6 worker ants
  Terence (D:3)
  2 hound skeletons
  A howler monkey zombie (D:6)
  A worker ant zombie (D:6)
  3 gnolls (D:3)
  8 adders
  3 oozes
  An adder zombie (D:6)
  2 adder skeletons
  A worm (D:3)
  A dart slug (D:4)
  6 leopard geckos
  25 orcs
  4 ball pythons
  7 giant cockroaches
  8 goblins
  3 hobgoblins
  10 jackals
  18 kobolds
  5 quokkas
  9 bats
  6 frilled lizards
  16 rats
208 creatures vanquished.

Vanquished Creatures (others)
  A hound skeleton (D:11)
  An adder (D:11)
  13 starspawn tentacles (Abyss:1)
15 creatures vanquished.

Grand Total: 223 creatures vanquished

Notes
Turn   | Place    | Note
-------+----------+-------------------------------------------
     0 | D:1      | EriolAelfwine the Deep Dwarf Fighter began the quest for
                  | the Orb.
     0 | D:1      | Reached XP level 1. HP: 20/20 MP: 1/1
   338 | D:1      | Reached XP level 2. HP: 27/27 MP: 2/2
   742 | D:2      | Reached XP level 3. HP: 31/34 MP: 3/3
  1447 | D:2      | Reached skill level 3 in Axes
  1447 | D:2      | Reached XP level 4. HP: 30/42 MP: 4/4
  1547 | D:3      | Reached XP level 5. HP: 48/49 MP: 5/5
  1572 | D:3      | Found a faded altar of an unknown god.
  1716 | D:3      | Noticed Terence
  1721 | D:3      | Killed Terence
  1981 | D:3      | Found a shadowy altar of Dithmenos.
  2001 | D:3      | Noticed Sigmund
  2013 | D:3      | Killed Sigmund
  2013 | D:3      | Reached skill level 4 in Axes
  2013 | D:3      | Reached XP level 6. HP: 32/57 MP: 6/6
  2439 | D:4      | Reached skill level 5 in Shields
  2502 | D:4      | Reached skill level 5 in Armour
  2665 | D:4      | Reached XP level 7. HP: 27/66 MP: 7/7
  3089 | D:5      | Entered Level 5 of the Dungeon
  3243 | D:5      | Reached skill level 5 in Axes
  3290 | D:5      | Found a blossoming altar of Fedhas.
  3291 | D:5      | Found a radiant altar of Vehumet.
  3512 | D:5      | Found a sparkling altar of Nemelex Xobeh.
  3647 | D:5      | Found a white marble altar of Elyvilon.
  3721 | D:6      | Reached skill level 5 in Fighting
  3721 | D:6      | Reached XP level 8. HP: 51/74 MP: 7/7
  3735 | D:6      | Found a shattered altar of Ashenzari.
  4031 | D:6      | Noticed Eustachio
  4059 | D:6      | Reached skill level 6 in Axes
  4081 | D:6      | Killed Eustachio
  4370 | D:6      | Reached skill level 7 in Axes
  4626 | D:7      | Noticed Prince Ribbit
  4693 | D:7      | Gained mutation: You passively map the area around you.
                  | [Deep Dwarf growth]
  4693 | D:7      | Reached XP level 9. HP: 43/82 MP: 7/7
  4746 | D:7      | Found a burning altar of Makhleb.
  4748 | D:7      | Found a stormy altar of Qazlal.
  4797 | D:7      | Became a worshipper of Makhleb the Destroyer
  5028 | D:7      | Found a staircase to the Ecumenical Temple.
  5034 | D:7      | Reached skill level 1 in Evocations
  5047 | Temple   | Entered the Ecumenical Temple
  5195 | D:7      | Killed Prince Ribbit
  5195 | D:7      | Reached skill level 8 in Axes
  5482 | D:8      | Noticed Joseph
  5510 | D:8      | Killed Joseph
  5510 | D:8      | Reached skill level 1 in Invocations
  5585 | D:8      | You fall into a shaft and drop 3 floors!
  5585 | D:11     | Found a glowing golden altar of the Shining One.
  5713 | D:11     | Noticed a kobold demonologist
  5717 | D:11     | Noticed an ice devil
  5832 | D:11     | Reached * piety under Makhleb
  5849 | D:10     | Entered Level 10 of the Dungeon
  5884 | D:11     | Reached skill level 9 in Axes
  6141 | D:11     | Reached XP level 10. HP: 32/92 MP: 8/8
  6386 | D:8      | Noticed Psyche
  6396 | D:8      | Cast into level 1 of the Abyss (Psyche)
  6414 | Abyss:1  | Noticed a tentacled starspawn
  6469 | Abyss:1  | Noticed a wretched star
  6470 | Abyss:1  | Got a jewelled trident
  6502 | Abyss:1  | Slain by a tentacled starspawn

Levels and vault maps discovered:
D:1:      evilmike_arrival_crescent, layout_loops_ring
D:2:      layout_loops_ring
D:3:      layout_loops_cross, grunt_dithmenos_smoke_and_mirrors,
          chequers_ecumenical_altar_simple_redux, first_ration, minmay_ruptured,
          uniq_sigmund, uniq_terence
D:4:      layout_loops_ring
D:5:      layout_rooms, nicolae_overflow_hidden_temple, elyvilon_altar_5,
          basic_altar
D:6:      minmay_polygon_palace, layout_basic, evilmike_ruin_ashenzari,
          uniq_eustachio
D:7:      layout_rooms, chequers_temple_overflow_statue_of_worship,
          minmay_temple_entry_proselytizer, grunt_ogre_cave, uniq_prince_ribbit1
D:8:      layout_loops_ring, minmay_fire_ice_demons, uniq_joseph, uniq_harold,
          uniq_erica, uniq_psyche
D:9:      layout_stronghold, bloody_trog, marbit_many_paths, serial_shops, shop,
          grunt_decor_fettered, minmay_variable_closet
D:10:     lemuel_slime, layout_irregular_city, uniq_snorg
D:11:     layout_stronghold, lair_entry_dummy, gauntlet_entry_generic,
          serial_shops, shop, tso_metal_star
Temple:   nicolae_temple_great_sept
Abyss:1:  base:
D:3

Skill      XL: |  1  2  3  4  5  6  7  8  9 |
---------------+----------------------------+-----
Fighting       | 3 4 5 6 |  6.8
Axes           | 3 4 5 7 9 |  9.5
Shields        | 4 5 6 7 8 |  8.2
Armour         | 4 5 6 7 8 |  8.2
Evocations     | 2 |  2.0
Invocations    | 3 |  3.9

Action                   |  1- 3 |  4- 6 |  7- 9 | 10-12 || total
-------------------------+-------+-------+-------+-------++-------
Melee: War axe           |   178 |   164 |   552 |    61 ||   955
 Abil: Heal Wounds       |       |     3 |    17 |     4 ||    24
  Use: Scroll            |       |    10 |     7 |       ||    17
  Eat: Chunk             |     1 |     6 |    13 |     2 ||    22
       Ration            |       |       |     1 |       ||     1
Armor: Scale mail        |    51 |       |       |       ||    51
       Plate armour      |    49 |   113 |   323 |    27 ||   512
Dodge: Dodged            |    39 |    28 |   123 |    12 ||   202
Block: Shield            |   128 |   118 |   351 |    45 ||   642
